[Event "*** SCC Grand Prix: Titled Tuesday Blitz"]
[Site "Chess.com"]
[Date "2020.06.09"]
[Round "1"]
[White "Makswolf200817"]
[Black "LittlePeasant"]
[Result "0-1"]
[WhiteElo "2423"]
[BlackElo "2806"]
[TimeControl "180+1"]
[EndTime "9:06:59 PDT"]
[Termination "LittlePeasant won by resignation"]

1. Nf3 d5 2. e3 g6 3. c4 Nf6 4. b3 c5 5. cxd5 Qxd5 6. Bb2 Qf5 7. Be2 Bg7 8. O-O O-O 9. d3 Rd8 10. a3 Nc6 11. Qc2 b6 12. Nbd2 Bb7 13. Rac1 Rac8 14. Qb1 Ng4 15. Bxg7 Kxg7 16. Ne4 Nge5 17. Rfd1 Nxf3+ 18. Bxf3 Ne5 19. Be2 Ba6 20. Ng3 Qe6 21. Qb2 f6 22. d4 Bxe2 23. Qxe2 cxd4 24. Rxc8 Qxc8 25. exd4 Nc6 26. d5 Ne5 27. h4 Qc5 28. b4 Qc4 29.
Qd2 Qxh4 30. Rc1 Rd7 31. Rc8 b5 32. Rc5 a6 33. Rc8 Nc4 34. Qd3 Qf4 35. Kh2 Qe5 36. Rc5 e6 37. Rc6 Qxd5 38. Qxd5 exd5 39. Rxa6 d4 40.
Ne4 d3 41. Nc3 d2 42. Nd1 Re7 43.
Kg3 Re1 44. Nc3 Rc1 45. Ne2 0-1

[Event "*** SCC Grand Prix: Titled Tuesday Blitz"]
[Site "Chess.com"]
[Date "2020.06.09"]
[Round "1"]
[White "Joshukid"]
[Black "TrickyFortem"]
[Result "1-0"]
[WhiteElo "2717"]
[BlackElo "2375"]
[TimeControl "180+1"]
[EndTime "9:06:59 PDT"]
[Termination "Joshukid won by resignation"]

1. Nf3 Nf6 2. c4 e6 3. g3 d5 4. Bg2 dxc4 5. Qa4+ Bd7 6. Qxc4 Nc6 7. O-O Be7 8. Qb3 Rb8 9. Nc3 O-O 10. d4 a6 11.
Rd1 Nb4 12. e4 Qc8 13. a3 Nc6 14. Qc2 h6 15. Bf4 b5 16. b4 Rb7 17. d5 exd5 18. exd5 Nd8 19. Nd4 Bd6 20. Be3 Re8 21. Nc6 Bxc6 22.
dxc6 Rb8 23. Bd4 Be5 24. Bc5 Ne6 25. Ba7 Ra8 26. Be3 Ng4 27. Rac1 Nxe3 28. fxe3 Ng5 29. Rd7 Bd6 30. Nd5 Rb8 31. Qf5 Rf8 32. Rf1 a5 33. Qd3 axb4 34. Rxd6 cxd6 35. Ne7+ Kh8 36. Nxc8 1-0

[Event "*** SCC Grand Prix: Titled Tuesday Blitz"]
[Site "Chess.com"]
[Date "2020.06.09"]
[Round "1"]
[White "isla88"]
[Black "Karateloru"]
[Result "0-1"]
[WhiteElo "2286"]
[BlackElo "2609"]
[TimeControl "180+1"]
[EndTime "9:06:59 PDT"]
[Termination "Karateloru won by resignation"]

1. Nf3 c5 2. b3 Nf6 3. Bb2 e6 4. g3 Nc6 5. Bg2 b6 6. d3 Bb7 7. Nbd2 d5 8. O-O Be7 9. e4 d4 10. e5 Nd7 11. Re1 Qc7 12. Qe2 O-O 13. c3 dxc3 14. Bxc3 Rad8 15. Rac1 Ba6 16. Qe4 Bb7 17. Qe3 Qb8 18. Nc4 Rfe8 19. h4 Nf8 20. h5 h6 21. g4 Nh7 22. Nfd2 Nd4 23. Bxb7 Qxb7 24. Ne4 Ng5 25. Bxd4 Rxd4 26. f4 Nxe4 27. dxe4 Red8 28. g5 Rd3 29. Qf2 b5 30. Nd6 Bxd6 31. exd6 R8xd6 32. g6 c4 33. bxc4 b4 34. c5 Rc6 35. Red1 Qd7 36. Qe2 Rxd1+ 37. Rxd1 Qe8 38. Qb5 fxg6 39. hxg6 Qxg6+ 40. Kf2 Qxe4 41. Rd8+ Kh7 42.
Qb8 Qc2+ 43. Kf3 Qc3+ 44. Kg4 h5+ 45. Kh4 Qf6+ 46. Kh3 Rxc5 47. Rh8+ Kg6 48. Qe8+ Qf7 49. f5+ Rxf5 50. Qc6 Rf3+ 51. Kh2 Rf2+ 52. Kg3 Qf4+ 0-1

[Event "*** SCC Grand Prix: Titled Tuesday Blitz"]
[Site "Chess.com"]
[Date "2020.06.09"]
[Round "1"]
[White "Guenplen"]
[Black "profofchess"]
[Result "1-0"]
[WhiteElo "2913"]
[BlackElo "2450"]
[TimeControl "180+1"]
[EndTime "9:07:01 PDT"]
[Termination "Guenplen won by resignation"]

1. d4 Nf6 2. Bf4 e6 3. e3 b6 4. Qf3 Nc6 5. Nc3 Bb7 6. O-O-O d5 7.
g4 Rb8 8. g5 Ne4 9. Nxe4 dxe4 10. Qg3 Rc8 11. h4 Nb4 12. a3 Nd5 13. Ne2 Bd6 14.
Be5 Bxe5 15. dxe5 Qe7 16. h5 Qc5 17. Bg2 Ne7 18. g6 hxg6 19. hxg6 Nxg6 20. Rxh8+ Nxh8 21. Qxg7 Ng6 22. Nf4 Qxe5 23. Qg8+ Nf8 24. Rh1 Qf6 25.
Bf1 e5 26. Nh5 Qg6 27. Ng7+ Ke7 28. Bh3 Ne6 29. Nf5+ Kf6 30. Qxg6+ fxg6 31. Ng3 Rh8 32. Bxe6 Kxe6 33. Rxh8 Kf6 34. Rb8 1-0

[Event "*** SCC Grand Prix: Titled Tuesday Blitz"]
[Site "Chess.com"]
[Date "2020.06.09"]
[Round "1"]
[White "awesomevishesh"]
[Black "Gareth-Bale11"]
[Result "0-1"]
[WhiteElo "2420"]
[BlackElo "2790"]
[TimeControl "180+1"]
[EndTime "9:07:01 PDT"]
[Termination "Gareth-Bale11 won on time"]

1. d4 Nf6 2. c4 e6 3. g3 c5 4. d5 exd5 5. cxd5 d6 6. Nc3 a6 7. a4 h5 8. Nf3 g6 9. Bg2 Bg7 10. O-O O-O 11. h3 Nbd7 12. e4 Re8 13. Re1 c4 14.
Bf4 Nc5 15. e5 dxe5 16. Nxe5 Bf5 17. d6 Nd3 18. Nxd3 Bxd3 19. Rxe8+ Nxe8 20. Ne4 Qb6 21. a5 Qxb2 22. Rc1 Bd4 23. Qe1 Rd8 24. Bg5 f6 25.
Nxf6+ Bxf6 26. Qe6+ Kg7 27. Bd5 Bxg5 0-1

[Event "*** SCC Grand Prix: Titled Tuesday Blitz"]
[Site "Chess.com"]
[Date "2020.06.09"]
[Round "1"]
[White "Mazetovic"]
[Black "londonkid"]
[Result "1-0"]
[WhiteElo "2623"]
[BlackElo "2306"]
[TimeControl "180+1"]
[EndTime "9:07:01 PDT"]
[Termination "Mazetovic won by resignation"]

1. e4 e6 2. d4 d5 3. Nc3 Nf6 4. Bg5 dxe4 5. Nxe4 Nbd7 6. Nf3 Be7 7.
Nxf6+ Nxf6 8. Bd3 b6 9. Qe2 Bb7 10. O-O-O O-O 11. Ne5 Nd5 12. Bxe7 Qxe7 13. Qe4 f5 14.
Qe1 Rac8 15. Kb1 c5 16. dxc5 bxc5 17. Bc4 Rfd8 18. f3 Rb8 19. Bb3 Ba8 20. Qe2 a5 21. Rhe1 a4 22. Bxd5 Bxd5 23. c4 Ba8 24. Rxd8+ Rxd8 25. Rd1 Rd6 26. Rd3 Qd8 27. Qd2 Rd4 28. Rxd4 cxd4 29.
Nd3 h6 30. Qe2 Qd6 31. Qe5 Qxe5 32. Nxe5 Kf8 33. Kc2 Ke7 34. Kd3 Kd6 35. Kxd4 Bb7 36. b4 a3 37. b5 g5 38. c5+ Kc7 39. c6 Bc8 40. Kc5 1-0

[Event "*** SCC Grand Prix: Titled Tuesday Blitz"]
[Site "Chess.com"]
[Date "2020.06.09"]
[Round "1"]
[White "Margarita2907"]
[Black "ehrenfeld"]
[Result "0-1"]
[WhiteElo "2049"]
[BlackElo "2502"]
[TimeControl "180+1"]
[EndTime "9:07:02 PDT"]
[Termination "ehrenfeld won by checkmate"]

1. e4 e5 2. Nf3 Nc6 3. Bc4 Nf6 4.
d3 h6 5. O-O d6 6. c3 g5 7. Re1 Bg7 8. d4 g4 9. Nh4 Nxe4 10.
Rxe4 Qxh4 11. dxe5 Nxe5 12. Qd5 O-O 13. Bb3 Bd7 14.
Qd1 Bc6 15. Rf4 Rae8 16. Be3 h5 17. Rf5 Bxg2 18. Kxg2 Qh3+ 19. Kh1 Nf3 20. Rxf3 gxf3 21. Qg1 Kh8 22. Nd2 Be5 23. Ne4 Rg8 24. Ng5 Rxg5 25.
Bxg5 Rg8 26. Bxf7 Rxg5 27. Qxg5 Qxh2# 0-1

[Event "*** SCC Grand Prix: Titled Tuesday Blitz"]
[Site "Chess.com"]
[Date "2020.06.09"]
[Round "1"]
[White "Kimster98"]
[Black "shineatchess"]
[Result "1-0"]
[WhiteElo "2583"]
[BlackElo "2233"]
[TimeControl "180+1"]
[EndTime "9:07:04 PDT"]
[Termination "Kimster98 won on time"]

1. Nf3 Nf6 2. g3 d5 3. Bg2 e6 4.
O-O Be7 5. c4 O-O 6. b3 c5 7.
Bb2 Nc6 8. e3 b6 9. Nc3 Ba6 10.
d3 Rc8 11. Qe2 Qc7 12. Rad1 Rfd8 13. Rfe1 h6 14. a3 Qb8 15. Qc2 Bb7 16. Qb1 Na5 17.
Ba1 Nc6 18. Bb2 Na5 19. Ba1 Nc6 20. cxd5 exd5 21. d4 cxd4 22. Nxd4 Bxa3 23. Nxc6 Bxc6 24. b4 a5 25. bxa5 bxa5 26. Qf5 Bb4 27. Rc1 Bd7 28.
Qd3 Be6 29. Red1 Qb7 30. Ne2 Be7 31. Nd4 Rxc1 32. Rxc1 Qd7 33. Nb3 a4 34. Nc5 Bxc5 35. Rxc5 Rc8 36. Qc2 Rxc5 37. Qxc5 Ne4 38. Qd4 f6 39.
Bb2 Bf5 40. Ba3 Qb7 41. Bf1 Qb1 42. Qxd5+ 1-0

[Event "*** SCC Grand Prix: Titled Tuesday Blitz"]
[Site "Chess.com"]
[Date "2020.06.09"]
[Round "1"]
[White "djano"]
[Black "Gloomy_Wanderer"]
[Result "0-1"]
[WhiteElo "2411"]
[BlackElo "2784"]
[TimeControl "180+1"]
[EndTime "9:07:05 PDT"]
[Termination "Gloomy_Wanderer won by resignation"]

1. d4 Nf6 2. Nf3 e6 3. Bf4 b6 4.
Nbd2 Be7 5. e3 O-O 6. h3 c5 7. c3 d6 8. Bd3 cxd4 9. exd4 Ba6 10. Bxa6 Nxa6 11. Qe2 Nc7 12. O-O h6 13. a4 Qd7 14. a5 b5 15. Rfe1 a6 16. Bh2 Ncd5 17. Ne4 Rfc8 18. Nfd2 Rc6 19. Nxf6+ Nxf6 20. Ne4 Nd5 21. Qf3 Rac8 22. Re2 b4 23. cxb4 Rc1+ 24. Re1 Rxa1 25. Rxa1 Nxb4 26. Qb3 Nd5 27. Bg3 Qc6 28. Kh2 f5 29. f3 fxe4 30. fxe4 Nc7 31. Re1 Kh8 32. Qb6 Qxb6 33. axb6 Nb5 34. Ra1 Rb8 35. Rxa6 Bd8 36. Ra5 Nxd4 37. Bxd6 Bxb6 38. Ra6 Rb7 39. b4 Nb5 40. Bg3 Kg8 41. h4 Kf7 42. h5 Kf6 43.
Ra1 Kg5 44. Rf1 Kxh5 45. e5 Nd4 46. Bf2 Nf5 47. Be1 Bd4 48. Kh3 Kg6 49. g4 Ne3 50. Rf3 Nd5 0-1

[Event "*** SCC Grand Prix: Titled Tuesday Blitz"]
[Site "Chess.com"]
[Date "2020.06.09"]
[Round "1"]
[White "BaMBoMaTTo"]
[Black "ChronicUnhappiness"]
[Result "1-0"]
[WhiteElo "2631"]
[BlackElo "2310"]
[TimeControl "180+1"]
[EndTime "9:07:05 PDT"]
[Termination "BaMBoMaTTo won by resignation"]

1. e4 d6 2. d4 Nf6 3. Nc3 g6 4. f4 Bg7 5. Nf3 c5 6. Bb5+ Bd7 7. Bxd7+ Nbxd7 8. d5 O-O 9. O-O b5 10. e5 Ne8 11. e6 fxe6 12. dxe6 Ndf6 13. Nxb5 Qb6 14. Nc3 Nc7 15. f5 gxf5 16. Nh4 c4+ 17. Kh1 Ne4 18. Nxe4 fxe4 19. Nf5 Rxf5 20. Rxf5 e3 21. Qe2 d5 22.
c3 Qxe6 23. Rf4 d4 24. cxd4 Nd5 25. Rf1 Bxd4 26. Qxc4 e2 27. Re1 Rf8 28. Bh6 Rf2 29.
Qxd4 Qf7 30. h3 Rf1+ 31. Kh2 e5 32. Qg4+ Kh8 33. Qxe2 Rf5 34. Rf1 1-0

[Event "*** SCC Grand Prix: Titled Tuesday Blitz"]
[Site "Chess.com"]
[Date "2020.06.09"]
[Round "1"]
[White "Funo09"]
[Black "Grandmaster2B"]
[Result "1-0"]
[WhiteElo "2814"]
[BlackElo "2427"]
[TimeControl "180+1"]
[EndTime "9:07:06 PDT"]
[Termination "Funo09 won on time"]

1. e4 c5 2. Nc3 Nc6 3. Bb5 g6 4. Bxc6 dxc6 5. f4 Bg7 6. Nf3 e6 7. O-O Ne7 8. d3 O-O 9. e5 b6 10. Ne4 Ba6 11. b3 Nf5 12. Qd2 Nd4 13. Bb2 Nxc2 14. Rad1 Nb4 15. a3 Nxd3 16. Ba1 Qd5 17. Nf6+ Bxf6 18. exf6 Qh5 19. Qe3 Rad8 20. h3 c4 21. b4 c5 22. Ng5 Rfe8 23. bxc5 Nxc5 24. Rxd8 Rxd8 25. Qe5 c3 26. Qc7 Rf8 27. Rc1 Qe2 28. Rxc3 Qe1+ 29. Kh2 Qxa1 30. Qe5 Nd7 31. Qd4 Qf1 32.
Nf3 Nc5 33. Qe5 Qb5 34. Qg5 Qd7 35. Qh6 1-0

[Event "*** SCC Grand Prix: Titled Tuesday Blitz"]
[Site "Chess.com"]
[Date "2020.06.09"]
[Round "1"]
[White "Baronessa08"]
[Black "attack2mateU"]
[Result "0-1"]
[WhiteElo "2373"]
[BlackElo "2714"]
[TimeControl "180+1"]
[EndTime "9:07:06 PDT"]
[Termination "attack2mateU won on time"]

1. c4 g6 2. Nc3 c5 3. g3 Bg7 4.
Bg2 Nc6 5. Nf3 d6 6. O-O Bf5 7. d3 Qd7 8. Re1 e5 9. e4 Bg4 10. Qa4 Nge7 11. Nd5 Nxd5 12. exd5 Nb4 13. Qb3 Qf5 14.
Re3 O-O 15. Bd2 a5 16. Nh4 Qc8 17. a4 Bh6 18. Bxb4 Bxe3 19. fxe3 axb4 20. Qc2 Bd7 21.
b3 Qd8 22. Rf1 Qg5 23. Qd2 f5 24. Nf3 Qh6 25. Qe1 Rae8 26. Kh1 g5 27. Ng1 f4 28. gxf4 exf4 29. Be4 g4 30. exf4 Rxf4 31. Qd2 Ref8 0-1

[Event "*** SCC Grand Prix: Titled Tuesday Blitz"]
[Site "Chess.com"]
[Date "2020.06.09"]
[Round "1"]
[White "Maxim_e2e4"]
[Black "GMNickPert"]
[Result "1-0"]
[WhiteElo "2359"]
[BlackElo "2637"]
[TimeControl "180+1"]
[EndTime "9:07:07 PDT"]
[Termination "Maxim_e2e4 won by checkmate"]

1. e4 c5 2. Nf3 Nc6 3. d4 cxd4 4.
Nxd4 e5 5. Nb5 d6 6. c4 Be7 7.
N5c3 Nf6 8. Be2 Be6 9. Be3 Rc8 10. O-O O-O 11. Nd2 Nd4 12. Nd5 Nxd5 13. cxd5 Nxe2+ 14. Qxe2 Bd7 15. Bxa7 Qa5 16. Be3 Bb5 17. Qg4 Bxf1 18. Nxf1 f5 19. exf5 Qxd5 20. Ng3 Rc4 21. Qe2 e4 22.
Rd1 Qc6 23. Qg4 Bf6 24. b3 Rb4 25. h4 Qc2 26. Rxd6 Qxa2 27. Nh5 Qa1+ 28. Rd1 Qe5 29. g3 Rxb3 30. Bd4 Qe7 31. Bxf6 Rxf6 32. Rd7 Rb1+ 33. Kg2 Qf8 34. Rxg7+ Kh8 35. Nxf6 h5 36. Rg8+ Qxg8 37. Qxg8# 1-0

[Event "*** SCC Grand Prix: Titled Tuesday Blitz"]
[Site "Chess.com"]
[Date "2020.06.09"]
[Round "1"]
[White "HElissalt"]
[Black "viktorskliarov"]
[Result "0-1"]
[WhiteElo "2227"]
[BlackElo "2577"]
[TimeControl "180+1"]
[EndTime "9:07:07 PDT"]
[Termination "viktorskliarov won on time"]

1. d4 Nf6 2. c4 e6 3. Nf3 c5 4. d5 exd5 5. cxd5 d6 6. Nc3 g6 7.
e4 Bg7 8. Nd2 O-O 9. Be2 Na6 10.
O-O Nc7 11. a4 b6 12. Nc4 Ba6 13. f3 Rb8 14. Bf4 Bxc4 15. Bxc4 a6 16. Qd3 Nh5 17. Be3 b5 18. axb5 axb5 19. Nxb5 Nxb5 20. Bxb5 Bxb2 21.
Rab1 Bg7 22. Bc6 Qh4 23. Bf2 Qg5 24. g3 Rb4 25. Kh1 Rfb8 26. Rxb4 Rxb4 27. Rb1 Rxb1+ 28. Qxb1 Be5 29. Qg1 Qd2 30. Be3 Qe2 31. Qf2 Qd1+ 32.
Kg2 c4 33. Bb5 c3 34. Be2 c2 35. Qf1 Qxf1+ 36. Bxf1 Bb2 37. g4 Ng7 38. Bb5 c1=Q 0-1

[Event "*** SCC Grand Prix: Titled Tuesday Blitz"]
[Site "Chess.com"]
[Date "2020.06.09"]
[Round "1"]
[White "LisikValera"]
[Black "wonderfultime"]
[Result "0-1"]
[WhiteElo "2465"]
[BlackElo "2985"]
[TimeControl "180+1"]
[EndTime "9:07:09 PDT"]
[Termination "wonderfultime won on time"]

1. d4 d5 2. Bf4 Nf6 3. e3 e6 4. Nd2 Bd6 5. Bg3 c5 6. c3 O-O 7. f4 b6 8. Ngf3 Bb7 9. Bh4 Be7 10. Bd3 Ne4 11. Bxe7 Qxe7 12. O-O Nd7 13. Ne5 Ndf6 14. Nxe4 dxe4 15. Bc4 Rac8 16. Qe2 Bd5 17. b3 cxd4 18. cxd4 Ne8 19. Bxd5 exd5 20. Rfc1 Nd6 21. Nc6 Qd7 22. Nb4 Nf5 23. Kf2 g6 24. a4 Qd6 25.
Qd2 g5 26. g3 a5 27. Nc2 Qh6 28.
Kg2 Kh8 29. Na3 gxf4 30. exf4 Rg8 31. Rxc8 Rxc8 32. Rc1 Rg8 33. Nb5 e3 34. Qe2 Qxf4 35. Rf1 Nxg3 0-1

[Event "*** SCC Grand Prix: Titled Tuesday Blitz"]
[Site "Chess.com"]
[Date "2020.06.09"]
[Round "1"]
[White "evgchess5"]
[Black "Alex_Banzea"]
[Result "1-0"]
[WhiteElo "2819"]
[BlackElo "2429"]
[TimeControl "180+1"]
[EndTime "9:07:09 PDT"]
[Termination "evgchess5 won on time"]

1. e4 c6 2. d4 d5 3. exd5 cxd5 4.
Bd3 Nc6 5. c3 Qc7 6. h3 Nf6 7.
Nf3 g6 8. O-O Bf5 9. Re1 Bxd3 10. Qxd3 Bg7 11. Nbd2 O-O 12. Nb3 Ne4 13. Ng5 Nxg5 14.
Bxg5 e6 15. Re2 Na5 16. Nc1 Nc4 17. Qf3 Nd6 18. Nd3 Ne4 19. Bf4 Qe7 20. Qe3 Rfc8 21. Rae1 a5 22. Bh6 Bxh6 23. Qxh6 Qg5 24. Qxg5 Nxg5 25.
f3 h5 26. Kf2 h4 27. a3 b6 28. Ke3 Nh7 29. Kf4 g5+ 30. Kg4 Kg7 31. f4 Nf6+ 32.
Kf3 gxf4 33. Kxf4 Ne4 34. Nf2 f5 35. Nd3 Kf6 36. Ne5 Rg8 37. c4 Rg3 38. Nd7+ Ke7 39.
Nxb6 1-0

[Event "*** SCC Grand Prix: Titled Tuesday Blitz"]
[Site "Chess.com"]
[Date "2020.06.09"]
[Round "1"]
[White "yobdc"]
[Black "Skatchkov_V"]
[Result "0-1"]
[WhiteElo "2196"]
[BlackElo "2559"]
[TimeControl "180+1"]
[EndTime "9:07:09 PDT"]
[Termination "Skatchkov_V won on time"]

1. c4 e5 2. Nc3 Nf6 3. g3 d5 4. cxd5 Nxd5 5. Bg2 Nb6 6. Nf3 Nc6 7. a3 Be7 8. b4 Be6 9. Rb1 f6 10. d3 O-O 11. b5 Nd4 12. Nd2 Qc8 13. e3 Nf5 14.
Qc2 Rd8 15. O-O a6 16. a4 axb5 17. axb5 Nd6 18. Nde4 Kh8 19. Nc5 Bf7 20. Rd1 Ra7 21. Bb2 Nf5 22. N3e4 Nd5 23. Ra1 Rxa1 24. Rxa1 c6 25.
bxc6 Qxc6 26. Rc1 Qb6 27. Na4 Qa5 28. Nec3 Nb4 29. Qe2 Nxd3 30. Rd1 Nxb2 31. Rxd8+ Bxd8 32. Qxb2 Be8 33. Qxb7 Bxa4 34. Qc8 Bc2 35. Bh3 Ne7 36. Qd7 h6 37. Ne4 Bxe4 0-1

[Event "*** SCC Grand Prix: Titled Tuesday Blitz"]
[Site "Chess.com"]
[Date "2020.06.09"]
[Round "1"]
[White "Shota_Azaladze"]
[Black "Thijs"]
[Result "1-0"]
[WhiteElo "2787"]
[BlackElo "2418"]
[TimeControl "180+1"]
[EndTime "9:07:10 PDT"]
[Termination "Shota_Azaladze won by resignation"]

1. Nf3 d5 2. g3 Nf6 3. Bg2 Bf5 4. O-O e6 5. d3 h6 6. c4 c6 7.
Nc3 Nbd7 8. Be3 Bc5 9. Bxc5 Nxc5 10. b4 Ncd7 11. Qb3 O-O 12. Rfe1 Bh7 13. e4 dxe4 14.
dxe4 e5 15. c5 a5 16. a3 axb4 17. axb4 Rxa1 18. Rxa1 Nxe4 19. Rd1 Nxc3 20. Qxc3 Qe7 21. Bh3 f5 22. Rd6 e4 23. Qd4 Rf7 24. Nd2 Ne5 25. Bf1 g5 26. Bc4 Nxc4 27. Nxc4 f4 28. Ne5 Bf5 29.
Nxf7 Qxf7 30. Rd8+ Kh7 31. g4 Bxg4 32. Qh8+ Kg6 33.
Rd6+ Kf5 34. Qxh6 e3 35. fxe3 fxe3 36. h3 Bf3 37. Qh8 Bd5 38. Qd4 Qe7 39. Qg4+ Ke5 40. Rg6 Qf7 41. Rxg5+ 1-0

[Event "*** SCC Grand Prix: Titled Tuesday Blitz"]
[Site "Chess.com"]
[Date "2020.06.09"]
[Round "1"]
[White "KuzubovYuriy"]
[Black "Ceejay271"]
[Result "1-0"]
[WhiteElo "2741"]
[BlackElo "2396"]
[TimeControl "180+1"]
[EndTime "9:07:10 PDT"]
[Termination "KuzubovYuriy won on time"]

1. d4 Nf6 2. c4 e6 3. Nf3 d5 4.
g3 Bb4+ 5. Bd2 Be7 6. Bg2 O-O 7. O-O Nbd7 8. Qc2 Ne4 9. Bf4 c6 10. Nfd2 f5 11. f3 Nxd2 12. Nxd2 g5 13. Be3 f4 14.
Bf2 e5 15. cxd5 cxd5 16. e3 exd4 17. exf4 gxf4 18. Bxd4 fxg3 19. hxg3 Bf6 20. Nb3 Bxd4+ 21. Nxd4 Qb6 22. Qd2 Ne5 23. Rad1 Qg6 24. f4 Nf7 25. Qd3 Qh5 26. Rde1 Bh3 27. Ne6 Bxe6 28. Rxe6 Rad8 29.
Rfe1 b6 30. Re7 d4 31. Bf3 Qa5 32. Kg2 Rd7 33. Rxd7 Qxe1 34. Bd5 Qc1 35. Qxd4 Qc2+ 36. Qf2 1-0

[Event "*** SCC Grand Prix: Titled Tuesday Blitz"]
[Site "Chess.com"]
[Date "2020.06.09"]
[Round "1"]
[White "trriinu"]
[Black "LimeInTheCoconut"]
[Result "0-1"]
[WhiteElo "2005"]
[BlackElo "2484"]
[TimeControl "180+1"]
[EndTime "9:07:10 PDT"]
[Termination "LimeInTheCoconut won on time"]

1. e4 c6 2. d4 d5 3. Nc3 dxe4 4. Nxe4 Bf5 5. Ng3 Bg6 6. h4 h6 7. Nf3 e6 8. h5 Bh7 9. Bd3 Bxd3 10. Qxd3 Nf6 11. Ne5 Nbd7 12. f4 Be7 13. Bd2 O-O 14. c3 c5 15. Nf3 cxd4 16. Nxd4 Nc5 17. Qf3 Qb6 18. Rb1 Rfd8 19. O-O Rac8 20. Kh1 a6 21.
Be3 Qc7 22. f5 e5 23. Nde2 Rd3 24. Rbd1 Rcd8 25. Rxd3 Rxd3 26. Qf2 Na4 27. b3 Nxc3 28. Rc1 Nfd5 29. Nxc3 Rxc3 30. Rd1 Nxe3 0-1

[Event "*** SCC Grand Prix: Titled Tuesday Blitz"]
[Site "Chess.com"]
[Date "2020.06.09"]
[Round "1"]
[White "SketchyMoves"]
[Black "diablanni"]
[Result "1-0"]
[WhiteElo "2650"]
[BlackElo "2333"]
[TimeControl "180+1"]
[EndTime "9:07:11 PDT"]
[Termination "SketchyMoves won on time"]

1. e4 c5 2. Nc3 Nc6 3. Bb5 Nd4 4. Nf3 e6 5. O-O a6 6. Bd3 Ne7 7. Nxd4 cxd4 8. Ne2 Nc6 9. c3 Bc5 10. b4 Ba7 11.
Bb2 dxc3 12. dxc3 O-O 13. a3 b5 14. c4 bxc4 15. Bxc4 Qc7 16. Rc1 Bb7 17. Ba2 Rac8 18. Ng3 Bb8 19. Qg4 f6 20. Rfd1 Rf7 21. h4 Qf4 22. Qh3 Ba7 23. Rc2 Ne5 24. Bc1 Qg4 25. Qxg4 Nxg4 26. Re2 Nxf2 27. Rxf2 Bxf2+ 28. Kh2 Rc3 29. Bf4 g5 30. hxg5 fxg5 31. Be5 Rc2 32. Bb3 1-0

[Event "*** SCC Grand Prix: Titled Tuesday Blitz"]
[Site "Chess.com"]
[Date "2020.06.09"]
[Round "1"]
[White "CzechmVIII"]
[Black "MomchilPetkov"]
[Result "0-1"]
[WhiteElo "2159"]
[BlackElo "2540"]
[TimeControl "180+1"]
[EndTime "9:07:11 PDT"]
[Termination "MomchilPetkov won by resignation"]

1. e4 c5 2. Nf3 d6 3. d4 cxd4 4. Nxd4 Nf6 5. Nc3 a6 6. Bg5 Nbd7 7. Bc4 Qb6 8. O-O Qc5 9. Bd5 e6 10. Re1 Be7 11. Be3 Qa5 12. Bxe6 fxe6 13. Nxe6 Kf7 14. Ng5+ Kg8 15. b4 Qe5 16. Qd2 Bf8 17. f4 Qe8 18.
Nd5 h6 19. Nc7 Qh5 20. Nf3 Rb8 21. Rad1 b6 22. Nd5 Nxd5 23. exd5 Nf6 24. c4 Bg4 25. Bd4 Bxf3 26. gxf3 Qxf3 27. Re3 Qxf4 28. Bxf6 Qxf6 29. Rf1 Qg5+ 30. Kh1 Re8 31. Qf2 Rxe3 32. Qxf8+ Kh7 33. Qf2 Rhe8 34. Rg1 Qe5 35. Qc2+ Qe4+ 36. Qxe4+ R8xe4 37. c5 bxc5 38. bxc5 dxc5 0-1

[Event "*** SCC Grand Prix: Titled Tuesday Blitz"]
[Site "Chess.com"]
[Date "2020.06.09"]
[Round "1"]
[White "Azoulas1"]
[Black "ENEASZ"]
[Result "0-1"]
[WhiteElo "1971"]
[BlackElo "2480"]
[TimeControl "180+1"]
[EndTime "9:07:11 PDT"]
[Termination "ENEASZ won on time"]

1. e4 d6 2. d4 Nf6 3. Nc3 e5 4. Nf3 Nbd7 5. Be2 Be7 6. O-O O-O 7. h3 c6 8. Be3 b5 9. a3 a6 10. Qd2 Re8 11. Rad1 Qc7 12. dxe5 dxe5 13. Rfe1 Nc5 14. Bxc5 Bxc5 15. Bf1 h6 16. Qc1 Be6 17. Nb1 Nh5 18.
c4 Rac8 19. b4 Be7 20. c5 Nf4 21. Kh2 a5 22. g3 Ng6 23. Bg2 Ra8 24. Nc3 axb4 25.
axb4 Kh7 26. Nd5 Qb7 27. Nxe7 Qxe7 28. Rd6 Ra2 29. Qe3 Rc8 30. Kg1 Rb2 31. Qc3 Rb3 32.
Qa1 Qe8 33. Nxe5 Ra8 34. Qd4 Nxe5 35. Qxe5 Ra2 36. Qf4 Rbb2 37. e5 Rxf2 38. Qxf2 Rxf2 39. Kxf2 Qe7 40. Bxc6 Bc4 41. Be4+ g6 42. Bd5 Qa7 43. e6 Qa2+ 44. Re2 Qxe2+ 0-1

[Event "*** SCC Grand Prix: Titled Tuesday Blitz"]
[Site "Chess.com"]
[Date "2020.06.09"]
[Round "1"]
[White "quesfr"]
[Black "bait_or_mate"]
[Result "0-1"]
[WhiteElo "2253"]
[BlackElo "2588"]
[TimeControl "180+1"]
[EndTime "9:07:12 PDT"]
[Termination "bait_or_mate won by checkmate"]

1. e4 c5 2. Nf3 e6 3. c3 Nf6 4. e5 Nd5 5. g3 d6 6. exd6 Bxd6 7. Bg2 O-O 8. O-O Nc6 9. d4 b6 10. c4 Nde7 11. dxc5 Bxc5 12. Ne5 Bb7 13. Nxc6 Nxc6 14. Nc3 Qe7 15. Be3 Bxe3 16. fxe3 Ne5 17. Qd4 Bxg2 18. Kxg2 Qb7+ 19. e4 Nc6 20. Qe3 Rad8 21.
Rad1 Ne5 22. b3 Qe7 23. Rxd8 Rxd8 24. Rd1 Rxd1 25. Nxd1 Qd6 26. Nf2 h6 27. Qc3 f6 28.
b4 Kf7 29. c5 bxc5 30. bxc5 Qc6 31. Kh3 Nd7 32. Nd3 Qxe4 33. c6 Qe2 34. cxd7 Qf1+ 35. Kg4 Qf5+ 36. Kh4 g5+ 37. Kh5 Qh3# 0-1

[Event "*** SCC Grand Prix: Titled Tuesday Blitz"]
[Site "Chess.com"]
[Date "2020.06.09"]
[Round "1"]
[White "MarcoRiehle"]
[Black "northridgehawk"]
[Result "0-1"]
[WhiteElo "2633"]
[BlackElo "2346"]
[TimeControl "180+1"]
[EndTime "9:07:13 PDT"]
[Termination "northridgehawk won by resignation"]

1. e4 e5 2. Nf3 Nc6 3. d4 exd4 4. Bc4 Nf6 5. O-O Nxe4 6. Nc3 Nxc3 7. bxc3 Be7 8. cxd4 d5 9. Bd3 O-O 10. c3 Bg4 11. Bf4 Bd6 12. Bxd6 Qxd6 13. Bxh7+ Kxh7 14. Ng5+ Kg6 15. Qxg4 f5 16. Qf3 Kxg5 17. Rfd1 Rae8 18. Rd3 Re4 19. Qh3 Rfe8 20. Rf1 Kf6 21. Rg3 Qf4 22. Qh5 Qh6 23. Qd1 g5 24. Qb3 Re1 25. Qxb7 Rxf1+ 26. Kxf1 Re6 27. Rh3 Qg7 28. Qc8 Ne7 29. Qxc7 Ng6 30.
Qd8+ Qe7 31. Qxe7+ Rxe7 32. Rd3 Rb7 33. Rd2 Rb1+ 34.
Ke2 Nf4+ 35. Kf3 Ne6 36. g3 g4+ 37. Kg2 Ng5 38. f4 gxf3+ 39. Kf2 Ne4+ 0-1

[Event "*** SCC Grand Prix: Titled Tuesday Blitz"]
[Site "Chess.com"]
[Date "2020.06.09"]
[Round "1"]
[White "lelajavakhishvili"]
[Black "Duhless"]
[Result "0-1"]
[WhiteElo "2470"]
[BlackElo "3051"]
[TimeControl "180+1"]
[EndTime "9:07:15 PDT"]
[Termination "Duhless won by resignation"]

1. d4 Nf6 2. c4 e6 3. Nf3 b6 4.
g3 Bb7 5. Bg2 g6 6. Nc3 Bg7 7.
Qc2 O-O 8. O-O c5 9. dxc5 bxc5 10.
Rd1 Nc6 11. Bf4 Nb4 12. Qb1 d5 13. a3 Na6 14. cxd5 exd5 15. Ne1 Re8 16. Bg5 Nc7 17. Nd3 Ne6 18. Bxf6 Bxf6 19. Nf4 Nxf4 20. gxf4 Bxc3 21. bxc3 Qc7 22. e3 Rad8 23. c4 Rb8 24. Qc2 d4 25. Bxb7 Rxb7 26. exd4 Qxf4 27. Qc3 Re2 28. Qg3 Qf5 29. d5 Rb3 30. Qg2 Rf3 31.
Rf1 Re4 32. h3 Rxh3 33. f3 Reh4 34. Rad1 Qf4 35. d6 Qe3+ 36. Rf2 Rh1+ 37. Qxh1 Rxh1+ 38. Kxh1 Qxf2 39. Rd5 Qxf3+ 40. Kh2 Qf4+ 41. Kg1 Qxc4 42. Rd1 Qg4+ 0-1

[Event "*** SCC Grand Prix: Titled Tuesday Blitz"]
[Site "Chess.com"]
[Date "2020.06.09"]
[Round "1"]
[White "PotapovaM"]
[Black "Jospem"]
[Result "0-1"]
[WhiteElo "2440"]
[BlackElo "2869"]
[TimeControl "180+1"]
[EndTime "9:07:15 PDT"]
[Termination "Jospem won on time"]

1. d4 Nf6 2. c4 e6 3. Nf3 Bb4+ 4. Nbd2 d5 5. g3 O-O 6. Bg2 a5 7. O-O b6 8. a3 Be7 9. Ne5 c6 10. e4 Bb7 11. b3 Nbd7 12. Bb2 Rc8 13. f4 c5 14.
exd5 exd5 15. Kh1 cxd4 16. Bxd4 Nc5 17. b4 axb4 18. axb4 Ne6 19. Bc3 Qc7 20. Ra7 Ra8 21. Rxa8 Rxa8 22. f5 Nf8 23. g4 h6 24. h4 Bxb4 25.
Bxb4 Qxe5 26. g5 hxg5 27. hxg5 Ne4 28. Nxe4 dxe4 29. Bd6 Qc3 30. f6 Ng6 31. fxg7 Rd8 32. Qh5 Rxd6 33. Qg4 Qxg7 34. Qf5 Qh8+ 35. Kg1 Qd4+ 36.
Kh1 Rd7 0-1